 Dungeon Crawl Stone Soup version 0.21-a0-508-gf08a75f (webtiles) character file.

118 KristoblXynda the Ruffian (level 4, -7/38 HPs)
             Began as a Draconian Fighter on Nov 28, 2017.
             Mangled by Regeox's ghost (13 damage)
             ... on level 3 of the Dungeon.
             The game lasted 00:02:41 (1679 turns).

KristoblXynda the Ruffian (Draconian Fighter)       Turns: 1679, Time: 00:02:42

Health: -7/38      AC:  5    Str: 23    XL:     4   Next: 72%
Magic:  4/4        EV: 10    Int:  9    God:
Gold:   146        SH:  9    Dex: 11    Spells: 3/3 levels left

rFire    . . .     SeeInvis .   n - +2 dagger (drain)
rCold    . . .     Gourm    .   a - +0 shield
rNeg     . . .     Faith    .   (armour unavailable)
rPois    .         Spirit   .   (helmet restricted)
rElec    .         Reflect  .   (no cloak)
rCorr    .         Harm     .   (no gloves)
MR       .....                  (no boots)
Stlth    +.........             (no amulet)
HPRegen  0.12/turn              (no ring)
MPRegen  0.09/turn              (no ring)

@: mighty, very slightly contaminated
A: unfitting armour, cold-blooded, AC +5
a: no special abilities


You were on level 3 of the Dungeon.
You were not hungry.

You visited 1 branch of the dungeon, and saw 3 of its levels.

You collected 146 gold pieces.

Inventory:

Hand Weapons
 n - a +2 dagger of draining (weapon)
Armour
 a - a +0 shield (worn)
Wands
 o - a wand of polymorph (19)
Scrolls
 i - a scroll of fear {unknown}
 p - a scroll of enchant armour {unknown}
Potions
 d - 2 potions of brilliance
 e - 3 potions of resistance
 g - a potion of agility {unknown}
 h - a potion of curing {unknown}
 m - a potion of invisibility {unknown}
Comestibles
 c - 2 bread rations
 k - 2 meat rations


   Skills:
 - Level 3.2 Fighting
 - Level 2.6 Dodging
 + Level 3.9 Shields
 * Level 4.3 Unarmed Combat


You had 3 spell levels left.
You didn't know any spells.

Dungeon Overview and Level Annotations

Branches:
Dungeon (3/15)

Altars:

Annotations:
D:3 Regeox's ghost, amateur DsCK


Innate Abilities, Weirdness & Mutations

Your plain brown scales are hard. (AC +5)
You cannot fit into any form of body armour.
You are cold-blooded and may be slowed by cold attacks.


Message History

It was a scroll of blinking.
Okay, then.
You eat the royal jelly.
That royal jelly was delicious!
You closely miss Regeox's ghost. Regeox's ghost hits you.
You hit Regeox's ghost but do no damage.
Regeox's ghost says, "Are you willing to die fighting?
I was!"
Regeox's ghost hits you.
You miss Regeox's ghost. Regeox's ghost barely misses you.
You closely miss Regeox's ghost.
Your tail-slap misses Regeox's ghost.
Regeox's ghost barely misses you.
You hit Regeox's ghost but do no damage.
Your tail-slap misses Regeox's ghost.
Regeox's ghost closely misses you.
You miss Regeox's ghost. Regeox's ghost hits you.
You hit Regeox's ghost.
Regeox's ghost is lightly damaged.
Regeox's ghost hits you! x2
* * * LOW HITPOINT WARNING * * *
You feel very mighty all of a sudden. Regeox's ghost hits you!
You die...

##.###### .
........# .. #@#
.r. #W# ...S #S#
..[.. #r#
.....(#####.####
#..........#
######.###.# #.#
#!###.# #.#
#.W.W.#


You could see Regeox's ghost, an adder and a rat.

Vanquished Creatures
  An orc priest (D:2)
  An orc wizard (D:2)
  A hound skeleton (D:2)
  An adder (D:2)
  A dart slug (D:2)
  2 leopard geckos
  5 orcs (D:2)
  2 bats
  A giant cockroach (D:2)
  4 hobgoblins
  6 kobolds
  2 frilled lizards
  3 goblins
  A rat (D:2)
31 creatures vanquished.

Notes
Turn   | Place    | Note
-------+----------+-------------------------------------------
     0 | D:1      | KristoblXynda the Draconian Fighter began the quest for the Orb.
     0 | D:1      | Reached XP level 1. HP: 19/19 MP: 1/1
   153 | D:1      | Reached XP level 2. HP: 14/26 MP: 2/2
   917 | D:2      | Reached skill level 3 in Unarmed Combat
   917 | D:2      | Reached XP level 3. HP: 31/31 MP: 3/3
  1229 | D:2      | Reached XP level 4. HP: 28/38 MP: 4/4
  1257 | D:2      | Reached skill level 4 in Unarmed Combat
  1655 | D:3      | Noticed Regeox's ghost (amateur DsCK)
  1679 | D:3      | Mangled by Regeox's ghost

Vault maps used:
D:1:      onia_arrival_mini_maze_b
D:2:      cheibrodos_pilgrimage

Skill      XL: |  1  2  3  4 |
---------------+-------------+-----
Unarmed Combat | 3 4 |  4.3
Fighting       | |  3.2
Dodging        | |  2.6
Shields        | |  3.9

Action                   |  1- 3 |  4- 6 || total
-------------------------+-------+-------++-------
Melee: Unarmed           |   100 |       ||   100
       Tailslap          |     6 |     3 ||     9
       Dagger            |     7 |    32 ||    39
  Use: Scroll            |       |     3 ||     3
       Potion            |       |     1 ||     1
 Stab: Sleeping          |     1 |       ||     1
  Eat: Chunk             |     1 |       ||     1
       Royal jelly       |       |     1 ||     1
Armor: Skin              |    21 |     8 ||    29
Dodge: Dodged            |    32 |    13 ||    45
Block: Shield            |    46 |    20 ||    66

Table legend:
 A = Spawn XP
 B = Non-spawn XP
 C = Spawn XP percentage of total XP
 D = Spawn monster count
 E = Non-spawn monster count
 F = Spawn count percentage of total count
 G = Total turns spent on level
                    A         B        C        D         E        F      G
               +---------+---------+-------+---------+---------+-------+---------
         Total |       0 |     169 |   0.0 |       0 |      31 |   0.0 |  1679
               +---------+---------+-------+---------+---------+-------+---------
           D:1 |       0 |      22 |   0.0 |       0 |      12 |   0.0 |   805
           D:2 |       0 |     146 |   0.0 |       0 |      18 |   0.0 |   844
           D:3 |       0 |       1 |   0.0 |       0 |       1 |   0.0 |    30
               +---------+---------+-------+---------+---------+-------+---------
